Map: Central Protocol

Players

Sziky - Winner!

  • Race: Zerg Zerg
  • League: Master

Rain

  • Race: Protoss Protoss
  • League: Master

VOD

Have the link to the VOD?

Description

Time

  • Played on: Nov. 18, 2015, 6:59 a.m.
  • Length: 7:32
Show
View Real Time Build Order
Export as new Build Order

Sziky Zerg - Winner!

Build Orders: Pool First 

Get SALT Encoding   

  12  0:01  Drone  
  13  0:08  Drone  
  14  0:26  Spawning Pool  
  13  0:29  Drone  
  14  0:38  Overlord  
  14  0:58  Drone  
  15  1:13  Zergling x6  
  18  1:23  Queen  
  20  1:31  Zergling x2  
  21  1:41  Zergling x2  
  22  1:48  Hatchery  
  22  1:51  Drone  
  22  1:58  Overlord  
  22  2:13  Hatchery  
  22  2:15  Drone  
  22  2:28  Drone x2  
  24  2:38  Drone x3  
  23  2:52  Queen  
  23  2:54  Zergling x2  
  25  3:00  Extractor  
  25  3:02  Zergling x4  
  26  3:07  Queen  
  28  3:13  Drone x2  
  30  3:24  Queen  
  32  3:28  Zergling x4  
  32  3:33  Zergling x4  
  34  3:48  Zergling x2  
  34  3:49  Zergling x2  
  34  3:50  Drone x3  
  38  3:57  Zergling x2  
  38  3:58  Zergling x4  
  40  4:04  Zergling x2  
  41  4:10  Zergling x4  
  41  4:14  Zergling x2  
  41  4:15  Zergling x2  
  41  4:17  Overlord  
  40  4:26  Metabolic Boost  
  40  4:36  Zergling x6  
  41  4:39  Zergling x6  
  41  4:40  Zergling x2  
  41  4:43  Zergling x2  
  41  4:44  Zergling x2  
  40  4:52  Queen  
  37  4:54  Zergling x2  
  37  4:56  Zergling x2  
  38  5:00  Zergling x4  
  40  5:07  Zergling x4  
  40  5:11  Zergling x4  
  44  5:17  Zergling x4  
  44  5:21  Zergling x4  
  45  5:24  Zergling x2  
  46  5:34  Zergling x4  
  48  5:39  Zergling x4  
  48  5:45  Spine Crawler  
  48  5:47  Zergling x2  
  48  5:48  Zergling x6  
  47  5:51  Zergling x2  
  47  5:55  Zergling x2  
  47  5:56  Zergling x2  
  43  6:01  Zergling x2  
  43  6:02  Zergling x2  
  41  6:05  Zergling x2  
  41  6:08  Zergling x2  
  39  6:14  Zergling x6  
  40  6:24  Zergling x4  
  40  6:25  Zergling x4  
  41  6:27  Zergling x2  
  41  6:30  Zergling x2  
  39  6:34  Zergling x4  
  40  6:40  Drone x2  
  40  6:42  Zergling x2  
  40  6:44  Zergling x2  
  44  6:49  Zergling x4  
  46  6:55  Spine Crawler  
  46  6:58  Spine Crawler  
  44  7:01  Zergling x4  
  44  7:06  Zergling x4  
  47  7:13  Zergling x2  
  47  7:14  Zergling x2  
Show
View Real Time Build Order
Export as new Build Order

Rain Protoss 

Build Orders:  

Get SALT Encoding   

  12  0:01  Probe (Chrono Boost)  
  13  0:11  Probe (Chrono Boost)  
  14  0:19  Pylon  
  14  0:23  Probe (Chrono Boost)  
  15  0:40  Gateway  
  16  0:43  Probe (Chrono Boost)  
  16  0:45  Assimilator  
  16  0:53  Probe (Chrono Boost)  
  17  0:59  Assimilator  
  17  1:04  Probe (Chrono Boost)  
  18  1:06  Pylon  
  18  1:14  Probe (Chrono Boost)  
  19  1:30  Probe (Chrono Boost)  
  20  1:34  Cybernetics Core  
  20  1:37  Gateway  
  20  1:44  Zealot (Chrono Boost)  
  22  1:57  Probe  
  22  1:59  Pylon  
  23  2:16  Warp Gate (Chrono Boost)  
  23  2:17  Adept (Chrono Boost)  
  23  2:18  Mothership Core  
  27  2:27  Adept  
  21  2:59  Adept x2  
  25  3:06  Probe  
  25  3:10  Pylon  
  26  3:18  Pylon  
  26  3:37  Gateway  
  26  3:43  Probe  
  27  3:55  Probe  
  28  4:07  Probe  
  29  4:13  Adept x2  
  29  4:25  Probe  
  29  4:29  Gateway  
  30  4:34  Adept x2  
  30  5:01  Adept  
  30  5:02  Adept x2  
  30  5:05  Probe  
  37  5:10  Pylon  
  35  5:22  Adept x2  
  39  5:34  Adept x2  
  43  5:45  Pylon  
  33  6:00  Adept x4  
  35  6:18  Probe  
  35  6:21  Adept  
  35  6:22  Adept x3  
  43  6:30  Probe  
  34  6:42  Probe, Gateway  
  34  6:45  Adept x2  
  39  6:54  Mothership Core  
  41  7:08  Adept x2  
  45  7:18  Adept  
Tags
 
Add a new tag
Caveats
  • Supply blocks, unpowered buildings, or Contaminate may cause inaccurate times.
  • Supply counts are checked every 10 seconds.